Philadelphia Flyers vs Washington Capitals
(R1)
Created - Saturday, February 1, 2025 at 12:38
Goals
|
| Philadelphia Flyers |
0 |
0 |
1 |
1 |
| Washington Capitals |
1 |
1 |
1 |
3 |
|
Shots
|
| Philadelphia Flyers |
12 |
5 |
10 |
27 |
| Washington Capitals |
16 |
14 |
13 |
43 |
|
1st period
1. Washington Capitals , Nick Jensen 1 (Nick Foligno 1, Jordan Kyrou 1) at 15:06
Penalties :
Brad Marchand (WSH) for High sticking (Minor) at 16:56
2nd period
2. Washington Capitals , Jason Robertson 1 (Nico Hischier 1) at 4:13 (PP)
Penalties :
William Borgen (PHI) for High sticking (Minor) at 3:26, Nick Foligno (WSH) for Holding (Minor) at 4:40, Ian Cole (WSH) for Delaying the game (Minor) at 15:15
3rd period
3. Washington Capitals , Brad Marchand 1 (Jason Robertson 1, John Carlson 1) at 5:14 (PP)
4. Philadelphia Flyers , Cody Glass 1 (Sean Kuraly 1) at 15:06
Penalties :
Radek Faksa (PHI) for Hooking (Minor) at 4:38, Derek Forbort (WSH) for Slashing (Minor) at 6:37, Brandon Duhaime (PHI) for Elbowing (Minor) at 11:53, Brett Murray (PHI) for Delaying the game (Minor) at 16:34
Goalie Stats
Connor Ingram (PHI), 40 saves from 43 shots - (0.930), L, 0-1-0, 60:00 minutes
Jake Oettinger (WSH), 26 saves from 27 shots - (0.963), W, 1-0-0, 60:00 minutes
Players Stats for Philadelphia Flyers
Player Name G A P +/- PIM S H SB GA TA FO MP PP MP PK MP
------------------------------------------------------------------------------------
Brandon Duhaime 0 0 0 -1 2 1 0 0 0 1 0/1 11:35 0:00 0:00
Brett Murray 0 0 0 0 2 0 1 0 0 0 0/0 12:22 0:00 0:00
Casey Cizikas 0 0 0 0 0 3 0 0 1 1 11/22 18:19 3:48 2:30
Cody Glass 1 0 1 1 0 5 0 0 1 0 0/0 15:01 3:48 0:00
Fredrik Olofsson 0 0 0 0 0 1 0 1 0 0 0/1 12:10 0:07 0:11
Jack McBain 0 0 0 -1 0 0 1 0 0 0 7/21 16:13 4:01 0:28
Jeff Skinner 0 0 0 0 0 5 3 0 0 0 0/0 16:11 4:01 0:00
Joel Edmundson 0 0 0 -1 0 0 0 0 0 1 0/0 17:03 0:00 0:00
Joshua Brown 0 0 0 0 0 0 1 3 0 0 0/0 17:11 0:00 2:44
Juuso Parssinen 0 0 0 -1 0 2 1 0 2 0 0/0 15:39 4:01 0:00
Luke Glendening 0 0 0 1 0 1 1 1 0 1 0/0 13:32 0:07 2:34
Marcus Johansson 0 0 0 0 0 2 1 1 0 0 0/0 12:08 0:07 0:00
Radek Faksa 0 0 0 0 2 2 1 0 1 0 1/4 14:19 0:00 2:25
Sean Kuraly 0 1 1 1 0 1 0 2 1 0 7/13 17:07 3:48 2:34
Trevor van Riemsdyk 0 0 0 -1 0 0 0 4 0 1 0/0 23:40 3:58 2:44
Vladislav Gavrikov 0 0 0 1 0 2 0 2 0 2 0/0 21:57 3:58 2:37
William Borgen 0 0 0 1 2 2 0 2 0 0 0/0 22:10 3:58 2:23
Zac Jones 0 0 0 0 0 0 0 0 0 1 0/0 17:58 3:58 0:14
Players Stats for Washington Capitals
Player Name G A P +/- PIM S H SB GA TA FO MP PP MP PK MP
------------------------------------------------------------------------------------
Alex Ovechkin 0 0 0 0 0 2 1 0 0 0 1/2 13:00 0:00 0:00
Brad Marchand 1 0 1 -1 2 5 2 1 0 1 0/1 17:56 2:51 2:52
Derek Forbort 0 0 0 0 2 2 2 0 0 0 0/0 18:41 0:00 3:00
Drake Batherson 0 0 0 -1 0 3 1 0 0 1 1/2 14:39 2:30 0:00
Fabian Zetterlund 0 0 0 1 0 5 1 0 0 0 0/2 12:08 0:00 1:44
Ian Cole 0 0 0 1 2 0 0 0 0 1 0/0 16:06 0:00 3:05
Jamie Oleksiak 0 0 0 -1 0 1 1 0 0 0 0/0 25:03 2:06 3:44
Jason Robertson 1 1 2 0 0 3 2 1 2 0 0/0 15:49 2:51 0:00
John Carlson 0 1 1 -1 0 5 0 0 0 1 0/0 25:56 3:15 3:44
Jordan Kyrou 0 1 1 1 0 1 3 0 1 0 2/3 13:01 2:30 0:00
Michael McLeod 0 0 0 0 0 1 0 1 0 0 3/6 14:31 0:00 3:36
Mikael Backlund 0 0 0 -1 0 1 0 0 0 0 11/18 16:22 0:00 4:01
Nick Foligno 0 1 1 1 2 2 2 2 1 0 8/14 15:11 0:07 2:55
Nick Jensen 1 0 1 1 0 1 2 1 0 0 0/0 18:27 3:15 1:40
Nico Hischier 0 1 1 0 0 2 1 0 1 0 9/12 15:35 2:51 0:03
Owen Tippett 0 0 0 0 0 3 0 0 1 1 0/1 11:50 2:23 0:00
Thomas Harley 0 0 0 0 0 5 0 0 1 1 0/0 16:55 2:06 0:39
Yegor Chinakhov 0 0 0 0 0 1 3 1 1 0 1/1 10:49 0:00 0:41
3 Stars
1 - Jason Robertson (WSH)
2 - Jake Oettinger (WSH)
3 - Nick Jensen (WSH)
Power Play
Philadelphia Flyers - 0 on 5 Attempt(s) - 0.00%
Washington Capitals - 2 on 4 Attempt(s) - 50.00%
Penalty Kill
Philadelphia Flyers - 2 on 4 Attempt(s) - 50.00%
- Score 0 goal in Penalty Kill
Washington Capitals - 5 on 5 Attempt(s) - 100.00%
- Score 0 goal in Penalty Kill
Team Stat
Philadelphia Flyers - Hits : 10 - Faceoff Wins : 26 - Blocked Shots : 16 - Penalty Minutes : 8
Washington Capitals - Hits : 21 - Faceoff Wins : 36 - Blocked Shots : 7 - Penalty Minutes : 8
Official
Referees : Trevor Hanson and Kyle Rehman
Linesman : Justin Johnson and Brandon Gawryletz
Game Notes
16:43 of 1st period - Penalty Shot by John Carlson for Washington Capitals - Stopped by Connor Ingram
4:59 of 3rd period - Washington Capitals goal is going for a video replay. After video review, No Goal. The puck has been directed, batted or thrown into the net by an attacking player other than with a stick.
Finance
Level 1 -- Attendance: 5520 (92.00%) -- Ticket Income $524,400
Level 2 -- Attendance: 4839 (96.78%) -- Ticket Income $266,145
Level 3 -- Attendance: 2979 (99.30%) -- Ticket Income $98,307
Level 4 -- Attendance: 5000 (100.00%) -- Ticket Income $110,000
Luxury Box -- Attendance: 774 (77.40%) -- Ticket Income $150,930
Game was played at the Verizon Center.
Total Attendance: 19112 (95.56%)
Total Ticket Income: $1,149,782
Other Income: $402,424
Total Income: $1,552,206
Philadelphia Flyers
5 vs 5 Forward
Center Left Wing Right Wing Time % Phy DF OF
1 Casey Cizikas Jeff Skinner Brett Murray 25 0 1 4
2 Jack McBain Juuso Parssinen Brandon Duhaime 25 0 2 3
3 Sean Kuraly Cody Glass Luke Glendening 25 0 1 4
4 Radek Faksa Marcus Johansson Fredrik Olofsson 25 0 2 3
5 vs 5 Defense
Defense Defense Time % Phy DF OF
1 Vladislav Gavrikov William Borgen 35 0 2 3
2 Trevor van Riemsdyk Joel Edmundson 35 0 2 3
3 Zac Jones Joshua Brown 30 0 2 3
4 Vladislav Gavrikov William Borgen 0 1 2 2
PowerPlay Forward
Center Left Wing Right Wing Time % Phy DF OF
1 Jack McBain Jeff Skinner Juuso Parssinen 50 0 0 5
2 Casey Cizikas Cody Glass Sean Kuraly 50 0 0 5
PowerPlay Defense
Defense Defense Time % Phy DF OF
1 William Borgen Vladislav Gavrikov 50 0 1 4
2 Zac Jones Trevor van Riemsdyk 50 0 1 4
Penalty Kill 4 Players Forward
Center Wing Time % Phy DF OF
1 Casey Cizikas Radek Faksa 50 0 5 0
2 Sean Kuraly Luke Glendening 50 0 5 0
Penalty Kill 4 Players Defense
Defense Defense Time % Phy DF OF
1 Vladislav Gavrikov William Borgen 50 0 5 0
2 Trevor van Riemsdyk Joshua Brown 50 0 5 0
Penalty Kill - 3 Players Forward
Forward Time % Phy DF OF
1 Casey Cizikas 50 0 5 0
2 Radek Faksa 50 0 5 0
Penalty Kill - 3 Players Defense
Defense Defense Time % Phy DF OF
1 Vladislav Gavrikov William Borgen 50 0 5 0
2 Trevor van Riemsdyk Joshua Brown 50 0 5 0
4 vs 4 Forward
Center Wing Time % Phy DF OF
1 Jeff Skinner Casey Cizikas 50 0 1 4
2 Jack McBain Juuso Parssinen 50 0 1 4
4 vs 4 Defense
Defense Defense Time % Phy DF OF
1 Vladislav Gavrikov William Borgen 50 0 2 3
2 Trevor van Riemsdyk Joel Edmundson 50 0 2 3
Last Minutes Offensive
Center Left Wing Right Wing Defense Defense
Casey Cizikas Jeff Skinner Jack McBain Vladislav Gavrikov William Borgen
Last Minutes Defensive
Center Left Wing Right Wing Defense Defense
Casey Cizikas Radek Faksa Sean Kuraly Vladislav Gavrikov William Borgen
Goaltenders
Starting : Connor Ingram
Backup : Jake Allen
Extra Forwards
Normal : Jack McBain, Jeff Skinner, Cody Glass - PP : Jack McBain, Jeff Skinner - PK : Jack McBain
Extra Defensemen
Normal : Vladislav Gavrikov, William Borgen, Trevor van Riemsdyk - PP : Vladislav Gavrikov - PK : Vladislav Gavrikov, William Borgen
Penalty Shots
Casey Cizikas, Cody Glass, Jeff Skinner, Juuso Parssinen, Sean Kuraly
Scratches
Chase De Leo (Healthy), Charles Hudon (Healthy), Jacob MacDonald (Healthy)
Washington Capitals
5 vs 5 Forward
Center Left Wing Right Wing Time % Phy DF OF
1 Nico Hischier Alex Ovechkin Jason Robertson 30 1 2 2
2 Mikael Backlund Brad Marchand Drake Batherson 30 1 2 2
3 Nick Foligno Jordan Kyrou Fabian Zetterlund 25 1 2 2
4 Michael McLeod Owen Tippett Yegor Chinakhov 15 1 2 2
5 vs 5 Defense
Defense Defense Time % Phy DF OF
1 John Carlson Jamie Oleksiak 30 1 2 2
2 Thomas Harley Derek Forbort 30 1 2 2
3 Ian Cole Nick Jensen 25 1 2 2
4 John Carlson Jamie Oleksiak 15 1 2 2
PowerPlay Forward
Center Left Wing Right Wing Time % Phy DF OF
1 Nico Hischier Brad Marchand Jason Robertson 50 1 2 2
2 Jordan Kyrou Owen Tippett Drake Batherson 50 1 2 2
PowerPlay Defense
Defense Defense Time % Phy DF OF
1 John Carlson Nick Jensen 50 1 2 2
2 Thomas Harley Jamie Oleksiak 50 1 2 2
Penalty Kill 4 Players Forward
Center Wing Time % Phy DF OF
1 Mikael Backlund Brad Marchand 50 1 2 2
2 Michael McLeod Nick Foligno 50 1 2 2
Penalty Kill 4 Players Defense
Defense Defense Time % Phy DF OF
1 John Carlson Jamie Oleksiak 50 1 2 2
2 Derek Forbort Ian Cole 50 1 2 2
Penalty Kill - 3 Players Forward
Forward Time % Phy DF OF
1 Mikael Backlund 50 1 2 2
2 Michael McLeod 50 1 2 2
Penalty Kill - 3 Players Defense
Defense Defense Time % Phy DF OF
1 John Carlson Jamie Oleksiak 50 1 2 2
2 Derek Forbort Ian Cole 50 1 2 2
4 vs 4 Forward
Center Wing Time % Phy DF OF
1 Nico Hischier Alex Ovechkin 50 1 2 2
2 Jordan Kyrou Jason Robertson 50 1 2 2
4 vs 4 Defense
Defense Defense Time % Phy DF OF
1 John Carlson Nick Jensen 50 1 2 2
2 Thomas Harley Jamie Oleksiak 50 1 2 2
Last Minutes Offensive
Center Left Wing Right Wing Defense Defense
Nico Hischier Brad Marchand Jason Robertson John Carlson Thomas Harley
Last Minutes Defensive
Center Left Wing Right Wing Defense Defense
Mikael Backlund Brad Marchand Nick Foligno Derek Forbort Jamie Oleksiak
Goaltenders
Starting : Jake Oettinger
Backup : Sergei Bobrovsky
Extra Forwards
Normal : Jordan Kyrou, Nick Foligno, Owen Tippett - PP : Drake Batherson, Owen Tippett - PK : Fabian Zetterlund
Extra Defensemen
Normal : Derek Forbort, Nick Jensen, Thomas Harley - PP : Derek Forbort - PK : Nick Jensen, Thomas Harley
Penalty Shots
Jason Robertson, Drake Batherson, Yegor Chinakhov, John Carlson, Jordan Kyrou
Scratches
Stefan Noesen (Healthy)
% Time on Ice - Philadelphia Flyers
Lines # - Real PCT - Wanted PCT - Time Play
Normal Forward
1 - 28% - 25% - 12:55
2 - 25% - 25% - 11:41
3 - 23% - 25% - 10:36
4 - 25% - 25% - 11:31
Normal Defense
1 - 35% - 35% - 16:26
2 - 37% - 35% - 17:10
3 - 28% - 30% - 13:07
4 - 0% - 0% - 0:00
PP Forward
1 - 52% - 50% - 4:08
2 - 48% - 50% - 3:48
PP Defense
1 - 50% - 50% - 3:58
2 - 50% - 50% - 3:58
PK Forward
1 - 49% - 50% - 2:36
2 - 51% - 50% - 2:45
PK Defense
1 - 49% - 50% - 2:37
2 - 51% - 50% - 2:44
PK3 Forward
1 - 0% - 50%
2 - 0% - 50%
PK3 Defense
1 - 0% - 50%
2 - 0% - 50%
44 Forward
1 - 0% - 50%
2 - 0% - 50%
44 Defense
1 - 0% - 50%
2 - 0% - 50%
Last Minute Offensive - 0:00
Last Minute Defensive - 0:00
Total
Forward - 60:00
Defense - 60:00
|
% Time on Ice - Washington Capitals
Lines # - Real PCT - Wanted PCT - Time Play
Normal Forward
1 - 29% - 30% - 13:26
2 - 30% - 30% - 14:00
3 - 22% - 25% - 10:21
4 - 19% - 15% - 8:56
Normal Defense
1 - 31% - 30% - 14:20
2 - 32% - 30% - 15:02
3 - 26% - 25% - 12:16
4 - 11% - 15% - 5:05
PP Forward
1 - 53% - 50% - 2:51
2 - 47% - 50% - 2:30
PP Defense
1 - 61% - 50% - 3:15
2 - 39% - 50% - 2:06
PK Forward
1 - 51% - 50% - 4:05
2 - 49% - 50% - 3:51
PK Defense
1 - 47% - 50% - 3:44
2 - 53% - 50% - 4:12
PK3 Forward
1 - 0% - 50%
2 - 0% - 50%
PK3 Defense
1 - 0% - 50%
2 - 0% - 50%
44 Forward
1 - 0% - 50%
2 - 0% - 50%
44 Defense
1 - 0% - 50%
2 - 0% - 50%
Last Minute Offensive - 0:00
Last Minute Defensive - 0:00
Total
Forward - 60:00
Defense - 60:00
|
Play-by-Play
1st period
0:01 of 1st period - Nico Hischier wins face-off versus Casey Cizikas in neutral zone.
0:04 of 1st period - William Borgen is hit by Jamie Oleksiak and loses puck.
0:35 of 1st period - Snap shot by Mikael Backlund.
0:35 of 1st period - Shot Misses the Net.
0:40 of 1st period - Off-side.
0:41 of 1st period - Nick Foligno wins face-off versus Radek Faksa in neutral zone.
0:56 of 1st period - Snap shot by Jordan Kyrou.
0:56 of 1st period - Stopped by Connor Ingram without a rebound.
0:57 of 1st period - Jack McBain wins face-off versus Owen Tippett in Philadelphia Flyers zone.
1:55 of 1st period - Slapshot by Brad Marchand.
1:55 of 1st period - Shot Misses the Net.
2:11 of 1st period - Slapshot by Marcus Johansson.
2:11 of 1st period - Stopped by Jake Oettinger with a rebound.
2:39 of 1st period - Slapshot by Marcus Johansson.
2:39 of 1st period - Shot Misses the Net.
4:19 of 1st period - Luke Glendening is hit by Nick Foligno and loses puck.
5:08 of 1st period - Snap shot by Cody Glass.
5:08 of 1st period - Stopped by Jake Oettinger with a rebound.
5:37 of 1st period - Slapshot by Cody Glass.
5:37 of 1st period - Shot Blocked by Jason Robertson.
6:17 of 1st period - Wrist shot by Cody Glass.
6:17 of 1st period - Stopped by Jake Oettinger with a rebound.
6:41 of 1st period - Wrist shot by Nico Hischier.
6:41 of 1st period - Stopped by Connor Ingram with a rebound.
7:01 of 1st period - Wrist shot by Alex Ovechkin.
7:01 of 1st period - Stopped by Connor Ingram without a rebound.
7:02 of 1st period - Mikael Backlund wins face-off versus Casey Cizikas in Philadelphia Flyers zone.
7:13 of 1st period - Wrist shot by Jeff Skinner.
7:13 of 1st period - Deflect By Brett Murray.
7:13 of 1st period - Shot Hit the Post.
7:13 of 1st period - Puck is out of play.
7:14 of 1st period - Mikael Backlund wins face-off versus Jack McBain in Washington Capitals zone.
7:23 of 1st period - Snap shot by Drake Batherson.
7:23 of 1st period - Deflect By Brad Marchand.
7:23 of 1st period - Stopped by Connor Ingram with a rebound.
7:25 of 1st period - Snap shot by Brad Marchand.
7:25 of 1st period - Stopped by Connor Ingram without a rebound.
7:26 of 1st period - Casey Cizikas wins face-off versus Nick Foligno in Philadelphia Flyers zone.
7:53 of 1st period - William Borgen is hit by Derek Forbort and loses puck.
8:09 of 1st period - Off-side.
8:10 of 1st period - Radek Faksa wins face-off versus Michael McLeod in neutral zone.
8:43 of 1st period - Snap shot by Jeff Skinner.
8:43 of 1st period - Stopped by Jake Oettinger without a rebound.
8:44 of 1st period - Mikael Backlund wins face-off versus Jack McBain in Washington Capitals zone.
9:11 of 1st period - Derek Forbort is hit by Jeff Skinner and loses puck.
9:48 of 1st period - Radek Faksa is hit by Yegor Chinakhov and loses puck.
10:05 of 1st period - Snap shot by Brad Marchand.
10:05 of 1st period - Shot Blocked by Marcus Johansson.
11:08 of 1st period - Snap shot by Drake Batherson.
11:08 of 1st period - Shot Misses the Net.
11:29 of 1st period - Nick Jensen is hit by Brett Murray and loses puck.
12:08 of 1st period - Wrist shot by Jordan Kyrou.
12:08 of 1st period - Deflect By Nick Foligno.
12:08 of 1st period - Stopped by Connor Ingram with a rebound.
12:10 of 1st period - Snap shot by Jamie Oleksiak.
12:10 of 1st period - Deflect By Radek Faksa.
12:10 of 1st period - Stopped by Connor Ingram with a rebound.
12:12 of 1st period - Slapshot by John Carlson.
12:12 of 1st period - Deflect By Marcus Johansson.
12:12 of 1st period - Stopped by Connor Ingram with a rebound.
12:14 of 1st period - Wrist shot by Fabian Zetterlund.
12:14 of 1st period - Stopped by Connor Ingram with a rebound.
12:16 of 1st period - Wrist shot by Thomas Harley.
12:16 of 1st period - Stopped by Connor Ingram with a rebound.
12:58 of 1st period - Snap shot by Drake Batherson.
12:58 of 1st period - Stopped by Connor Ingram with a rebound.
13:00 of 1st period - Slapshot by Thomas Harley.
13:00 of 1st period - Stopped by Connor Ingram with a rebound.
13:02 of 1st period - Slapshot by Derek Forbort.
13:02 of 1st period - Shot Misses the Net.
13:04 of 1st period - Slapshot by Thomas Harley.
13:04 of 1st period - Stopped by Connor Ingram with a rebound.
13:18 of 1st period - Wrist shot by Juuso Parssinen.
13:18 of 1st period - Stopped by Jake Oettinger with a rebound.
13:20 of 1st period - Wrist shot by Juuso Parssinen.
13:20 of 1st period - Stopped by Jake Oettinger with a rebound.
13:57 of 1st period - Slapshot by Yegor Chinakhov.
13:57 of 1st period - Shot Blocked by Joshua Brown.
13:59 of 1st period - Backhand shot by John Carlson.
13:59 of 1st period - Stopped by Connor Ingram with a rebound.
14:01 of 1st period - Snap shot by Owen Tippett.
14:01 of 1st period - Shot Misses the Net.
14:42 of 1st period - Wrist shot by Jeff Skinner.
14:42 of 1st period - Stopped by Jake Oettinger with a rebound.
14:44 of 1st period - Slapshot by Jeff Skinner.
14:44 of 1st period - Stopped by Jake Oettinger with a rebound.
15:04 of 1st period - Snap shot by Nick Foligno.
15:04 of 1st period - Stopped by Connor Ingram with a rebound.
15:06 of 1st period - Backhand shot by Nick Jensen.
15:06 of 1st period - Deflect By Juuso Parssinen.
15:06 of 1st period - Goal by Nick Jensen - Philadelphia Flyers : 0 - Washington Capitals : 1.
15:07 of 1st period - Mikael Backlund wins face-off versus Casey Cizikas in neutral zone.
16:20 of 1st period - Snap shot by Radek Faksa.
16:20 of 1st period - Stopped by Jake Oettinger with a rebound.
16:36 of 1st period - Snap shot by Jeff Skinner.
16:36 of 1st period - Stopped by Jake Oettinger without a rebound.
16:37 of 1st period - Drake Batherson wins face-off versus Casey Cizikas in Washington Capitals zone.
16:43 of 1st period - Penalty Shot by John Carlson for Washington Capitals.
16:43 of 1st period - Wrist shot by John Carlson.
16:43 of 1st period - Stopped by Connor Ingram.
16:44 of 1st period - Casey Cizikas wins face-off versus Mikael Backlund in Washington Capitals zone.
16:51 of 1st period - Snap shot by Casey Cizikas.
16:51 of 1st period - Stopped by Jake Oettinger without a rebound.
16:52 of 1st period - Casey Cizikas wins face-off versus Mikael Backlund in Washington Capitals zone.
16:56 of 1st period - Minor Penalty to Brad Marchand for High sticking.
16:57 of 1st period - Jack McBain wins face-off versus Mikael Backlund in Washington Capitals zone.
16:59 of 1st period - Slapshot by Juuso Parssinen.
16:59 of 1st period - Shot Misses the Net.
17:17 of 1st period - Jack McBain is hit by Nick Foligno and loses puck.
17:22 of 1st period - Wrist shot by Nick Foligno.
17:22 of 1st period - Shot Blocked by Vladislav Gavrikov.
18:03 of 1st period - Icing by Trevor van Riemsdyk.
18:04 of 1st period - Mikael Backlund wins face-off versus Jack McBain in Philadelphia Flyers zone.
18:56 of 1st period - Penalty to Brad Marchand is over, Brad Marchand is back on ice.
19:38 of 1st period - Snap shot by Radek Faksa.
19:38 of 1st period - Stopped by Jake Oettinger with a rebound.
19:40 of 1st period - Wrist shot by Fredrik Olofsson.
19:40 of 1st period - Shot Blocked by Michael McLeod.
Goals for this period are 0 for Philadelphia Flyers vs 1 for Washington Capitals.
Shots for this period are 12 for Philadelphia Flyers vs 16 for Washington Capitals.
2nd period
0:01 of 2nd period - Mikael Backlund wins face-off versus Brandon Duhaime in neutral zone.
0:26 of 2nd period - Fabian Zetterlund is hit by Jeff Skinner and loses puck.
0:35 of 2nd period - Wrist shot by Fabian Zetterlund.
0:35 of 2nd period - Stopped by Connor Ingram with a rebound.
0:37 of 2nd period - Slapshot by Derek Forbort.
0:37 of 2nd period - Stopped by Connor Ingram without a rebound.
0:38 of 2nd period - Mikael Backlund wins face-off versus Sean Kuraly in Philadelphia Flyers zone.
0:42 of 2nd period - Icing by Joshua Brown.
0:43 of 2nd period - Sean Kuraly wins face-off versus Drake Batherson in Philadelphia Flyers zone.
1:08 of 2nd period - Joshua Brown is hit by Jordan Kyrou and loses puck.
1:57 of 2nd period - Snap shot by Yegor Chinakhov.
1:57 of 2nd period - Stopped by Connor Ingram with a rebound.
1:59 of 2nd period - Wrist shot by Michael McLeod.
1:59 of 2nd period - Stopped by Connor Ingram without a rebound.
2:00 of 2nd period - Michael McLeod wins face-off versus Radek Faksa in Philadelphia Flyers zone.
3:26 of 2nd period - Minor Penalty to William Borgen for High sticking.
3:27 of 2nd period - Casey Cizikas wins face-off versus Brad Marchand in Philadelphia Flyers zone.
3:27 of 2nd period - Casey Cizikas is hit by Brad Marchand.
3:39 of 2nd period - Casey Cizikas is hit by Jason Robertson and loses puck.
3:50 of 2nd period - Trevor van Riemsdyk is hit by Nick Jensen and loses puck.
4:13 of 2nd period - Wrist shot by Jason Robertson.
4:13 of 2nd period - Goal by Jason Robertson - Philadelphia Flyers : 0 - Washington Capitals : 2.
4:14 of 2nd period - Casey Cizikas wins face-off versus Mikael Backlund in neutral zone.
4:29 of 2nd period - Wrist shot by Mikael Backlund.
4:29 of 2nd period - Shot Blocked by William Borgen.
4:31 of 2nd period - Slapshot by John Carlson.
4:31 of 2nd period - Stopped by Connor Ingram without a rebound.
4:32 of 2nd period - Jack McBain wins face-off versus Nick Foligno in Philadelphia Flyers zone.
4:40 of 2nd period - Minor Penalty to Nick Foligno for Holding.
4:41 of 2nd period - Michael McLeod wins face-off versus Jack McBain in Washington Capitals zone.
5:20 of 2nd period - Wrist shot by Casey Cizikas.
5:20 of 2nd period - Stopped by Jake Oettinger with a rebound.
5:48 of 2nd period - Brad Marchand is hit by Juuso Parssinen and loses puck.
6:27 of 2nd period - Trevor van Riemsdyk is hit by Yegor Chinakhov and loses puck.
6:40 of 2nd period - Penalty to Nick Foligno is over, Nick Foligno is back on ice.
7:24 of 2nd period - Jamie Oleksiak is hit by Luke Glendening and loses puck.
7:40 of 2nd period - Off-side.
7:41 of 2nd period - Nick Foligno wins face-off versus Jack McBain in neutral zone.
10:08 of 2nd period - Snap shot by Jordan Kyrou.
10:08 of 2nd period - Shot Blocked by Luke Glendening.
11:02 of 2nd period - Snap shot by Marcus Johansson.
11:02 of 2nd period - Shot Blocked by Yegor Chinakhov.
11:07 of 2nd period - Icing by Thomas Harley.
11:08 of 2nd period - Yegor Chinakhov wins face-off versus Jack McBain in Washington Capitals zone.
11:37 of 2nd period - Wrist shot by Marcus Johansson.
11:37 of 2nd period - Shot Misses the Net.
11:49 of 2nd period - Snap shot by Owen Tippett.
11:49 of 2nd period - Stopped by Connor Ingram with a rebound.
11:51 of 2nd period - Wrist shot by Thomas Harley.
11:51 of 2nd period - Stopped by Connor Ingram with a rebound.
12:19 of 2nd period - Slapshot by Owen Tippett.
12:19 of 2nd period - Stopped by Connor Ingram with a rebound.
13:42 of 2nd period - Wrist shot by Owen Tippett.
13:42 of 2nd period - Stopped by Connor Ingram without a rebound.
13:43 of 2nd period - Mikael Backlund wins face-off versus Jack McBain in Philadelphia Flyers zone.
13:59 of 2nd period - Drake Batherson is hit by Jack McBain and loses puck.
14:17 of 2nd period - Wrist shot by Drake Batherson.
14:17 of 2nd period - Deflect By Brad Marchand.
14:17 of 2nd period - Shot Hit the Post.
14:17 of 2nd period - Puck is out of play.
14:18 of 2nd period - Casey Cizikas wins face-off versus Nick Foligno in Philadelphia Flyers zone.
14:25 of 2nd period - Wrist shot by Casey Cizikas.
14:25 of 2nd period - Stopped by Jake Oettinger without a rebound.
14:26 of 2nd period - Nick Foligno wins face-off versus Casey Cizikas in Washington Capitals zone.
14:30 of 2nd period - Off-side.
14:31 of 2nd period - Nico Hischier wins face-off versus Casey Cizikas in neutral zone.
15:00 of 2nd period - Snap shot by Mikael Backlund.
15:00 of 2nd period - Stopped by Connor Ingram with a rebound.
15:06 of 2nd period - Wrist shot by Brett Murray.
15:06 of 2nd period - Shot Misses the Net.
15:08 of 2nd period - Slapshot by Jeff Skinner.
15:08 of 2nd period - Shot Misses the Net.
15:10 of 2nd period - Snap shot by Casey Cizikas.
15:10 of 2nd period - Shot Misses the Net.
15:12 of 2nd period - Slapshot by Vladislav Gavrikov.
15:12 of 2nd period - Stopped by Jake Oettinger without a rebound.
15:13 of 2nd period - Nick Foligno wins face-off versus Jack McBain in Washington Capitals zone.
15:15 of 2nd period - Minor Penalty to Ian Cole for Delaying the game.
15:16 of 2nd period - Jack McBain wins face-off versus Mikael Backlund in Washington Capitals zone.
15:28 of 2nd period - Snap shot by Jack McBain.
15:28 of 2nd period - Shot Misses the Net.
15:49 of 2nd period - Slapshot by William Borgen.
15:49 of 2nd period - Stopped by Jake Oettinger without a rebound.
15:50 of 2nd period - Casey Cizikas wins face-off versus Michael McLeod in Washington Capitals zone.
16:45 of 2nd period - Icing by Trevor van Riemsdyk.
16:46 of 2nd period - Michael McLeod wins face-off versus Jack McBain in Philadelphia Flyers zone.
16:55 of 2nd period - Jack McBain is hit by Derek Forbort and loses puck.
17:14 of 2nd period - Snap shot by Casey Cizikas.
17:14 of 2nd period - Shot Blocked by Nick Jensen.
17:15 of 2nd period - Penalty to Ian Cole is over, Ian Cole is back on ice.
17:58 of 2nd period - Wrist shot by Jason Robertson.
17:58 of 2nd period - Stopped by Connor Ingram with a rebound.
18:18 of 2nd period - Wrist shot by Brad Marchand.
18:18 of 2nd period - Stopped by Connor Ingram without a rebound.
18:19 of 2nd period - Jack McBain wins face-off versus Nico Hischier in Philadelphia Flyers zone.
18:31 of 2nd period - Snap shot by Nico Hischier.
18:31 of 2nd period - Shot Blocked by Trevor van Riemsdyk.
18:53 of 2nd period - Snap shot by Brad Marchand.
18:53 of 2nd period - Shot Misses the Net.
18:55 of 2nd period - Snap shot by Drake Batherson.
18:55 of 2nd period - Stopped by Connor Ingram without a rebound.
18:56 of 2nd period - Sean Kuraly wins face-off versus Nick Foligno in Philadelphia Flyers zone.
18:56 of 2nd period - Sean Kuraly is hit by Fabian Zetterlund.
19:02 of 2nd period - Wrist shot by Sean Kuraly.
19:02 of 2nd period - Stopped by Jake Oettinger without a rebound.
19:03 of 2nd period - Nick Foligno wins face-off versus Sean Kuraly in Washington Capitals zone.
19:31 of 2nd period - Off-side.
19:32 of 2nd period - Nico Hischier wins face-off versus Jack McBain in neutral zone.
Goals for this period are 0 for Philadelphia Flyers vs 1 for Washington Capitals.
Shots for this period are 5 for Philadelphia Flyers vs 14 for Washington Capitals.
3rd period
0:01 of 3rd period - Sean Kuraly wins face-off versus Nick Foligno in neutral zone.
0:08 of 3rd period - Snap shot by Cody Glass.
0:08 of 3rd period - Shot Misses the Net.
0:10 of 3rd period - Snap shot by Luke Glendening.
0:10 of 3rd period - Shot Blocked by Nick Foligno.
0:12 of 3rd period - Wrist shot by Cody Glass.
0:12 of 3rd period - Stopped by Jake Oettinger without a rebound.
0:13 of 3rd period - Casey Cizikas wins face-off versus Nick Foligno in Washington Capitals zone.
0:28 of 3rd period - Snap shot by Nick Foligno.
0:28 of 3rd period - Shot Misses the Net.
0:30 of 3rd period - Slapshot by John Carlson.
0:30 of 3rd period - Stopped by Connor Ingram without a rebound.
0:31 of 3rd period - Nico Hischier wins face-off versus Jack McBain in Philadelphia Flyers zone.
1:03 of 3rd period - Zac Jones is hit by Nick Jensen.
1:27 of 3rd period - Wrist shot by Fabian Zetterlund.
1:27 of 3rd period - Stopped by Connor Ingram with a rebound.
1:29 of 3rd period - Slapshot by Derek Forbort.
1:29 of 3rd period - Shot Misses the Net.
1:43 of 3rd period - Marcus Johansson is hit by Yegor Chinakhov and loses puck.
2:49 of 3rd period - Wrist shot by Jeff Skinner.
2:49 of 3rd period - Stopped by Jake Oettinger without a rebound.
2:50 of 3rd period - Jack McBain wins face-off versus Nico Hischier in Washington Capitals zone.
2:51 of 3rd period - Wrist shot by Brandon Duhaime.
2:51 of 3rd period - Shot Misses the Net.
3:17 of 3rd period - William Borgen is hit by Jordan Kyrou and loses puck.
3:32 of 3rd period - William Borgen is hit by Jordan Kyrou and loses puck.
4:25 of 3rd period - Wrist shot by Alex Ovechkin.
4:25 of 3rd period - Stopped by Connor Ingram without a rebound.
4:26 of 3rd period - Nico Hischier wins face-off versus Fredrik Olofsson in Philadelphia Flyers zone.
4:38 of 3rd period - Minor Penalty to Radek Faksa for Hooking.
4:39 of 3rd period - Jordan Kyrou wins face-off versus Sean Kuraly in Philadelphia Flyers zone.
4:39 of 3rd period - Wrist shot by Drake Batherson.
4:39 of 3rd period - Stopped by Connor Ingram with a rebound.
4:41 of 3rd period - Slapshot by Thomas Harley.
4:41 of 3rd period - Shot Blocked by Joshua Brown.
4:43 of 3rd period - Snap shot by Drake Batherson.
4:43 of 3rd period - Shot Blocked by Sean Kuraly.
4:45 of 3rd period - Wrist shot by Jamie Oleksiak.
4:45 of 3rd period - Shot Blocked by Sean Kuraly.
4:47 of 3rd period - Slapshot by Thomas Harley.
4:47 of 3rd period - Shot Blocked by Joshua Brown.
4:49 of 3rd period - Slapshot by Thomas Harley.
4:49 of 3rd period - Stopped by Connor Ingram with a rebound.
4:51 of 3rd period - Snap shot by Drake Batherson.
4:51 of 3rd period - Deflect By Owen Tippett.
4:51 of 3rd period - Shot Blocked by Trevor van Riemsdyk.
4:51 of 3rd period - Puck is out of play.
4:52 of 3rd period - Nico Hischier wins face-off versus Casey Cizikas in Philadelphia Flyers zone.
4:55 of 3rd period - Wrist shot by Brad Marchand.
4:55 of 3rd period - Stopped by Connor Ingram without a rebound.
4:56 of 3rd period - Nico Hischier wins face-off versus Casey Cizikas in Philadelphia Flyers zone.
4:57 of 3rd period - Snap shot by Jason Robertson.
4:57 of 3rd period - Stopped by Connor Ingram with a rebound.
4:59 of 3rd period - Snap shot by Nico Hischier.
4:59 of 3rd period - Washington Capitals goal is going for a video replay.
4:59 of 3rd period - The goal is refused. The puck has been directed, batted or thrown into the net by an attacking player other than with a stick..
5:00 of 3rd period - Casey Cizikas wins face-off versus Nico Hischier in Philadelphia Flyers zone.
5:12 of 3rd period - Slapshot by John Carlson.
5:12 of 3rd period - Shot Blocked by Trevor van Riemsdyk.
5:14 of 3rd period - Wrist shot by Jason Robertson.
5:14 of 3rd period - Deflect By Brad Marchand.
5:14 of 3rd period - Goal by Brad Marchand - Philadelphia Flyers : 0 - Washington Capitals : 3.
5:15 of 3rd period - Mikael Backlund wins face-off versus Sean Kuraly in neutral zone.
5:26 of 3rd period - Slapshot by Trevor van Riemsdyk.
5:26 of 3rd period - Shot Blocked by Brad Marchand.
5:47 of 3rd period - Wrist shot by Alex Ovechkin.
5:47 of 3rd period - Shot Blocked by Trevor van Riemsdyk.
5:49 of 3rd period - Wrist shot by Jason Robertson.
5:49 of 3rd period - Deflect By Jeff Skinner.
5:49 of 3rd period - Shot Misses the Net.
5:49 of 3rd period - Puck is out of play.
5:50 of 3rd period - Sean Kuraly wins face-off versus Fabian Zetterlund in Philadelphia Flyers zone.
5:55 of 3rd period - Slapshot by William Borgen.
5:55 of 3rd period - Stopped by Jake Oettinger with a rebound.
5:57 of 3rd period - Slapshot by Vladislav Gavrikov.
5:57 of 3rd period - Stopped by Jake Oettinger with a rebound.
5:59 of 3rd period - Slapshot by Luke Glendening.
5:59 of 3rd period - Shot Blocked by Nick Foligno.
6:03 of 3rd period - Snap shot by Cody Glass.
6:03 of 3rd period - Stopped by Jake Oettinger without a rebound.
6:04 of 3rd period - Casey Cizikas wins face-off versus Mikael Backlund in Washington Capitals zone.
6:05 of 3rd period - Backhand shot by Jeff Skinner.
6:05 of 3rd period - Deflect By Brad Marchand.
6:05 of 3rd period - Shot Misses the Net.
6:05 of 3rd period - Puck is out of play.
6:06 of 3rd period - Mikael Backlund wins face-off versus Casey Cizikas in Washington Capitals zone.
6:11 of 3rd period - Brett Murray is hit by Drake Batherson and loses puck.
6:34 of 3rd period - Icing by Juuso Parssinen.
6:35 of 3rd period - Alex Ovechkin wins face-off versus Jack McBain in Philadelphia Flyers zone.
6:37 of 3rd period - Minor Penalty to Derek Forbort for Slashing.
6:38 of 3rd period - Casey Cizikas wins face-off versus Michael McLeod in Washington Capitals zone.
7:04 of 3rd period - Jeff Skinner is hit by Brad Marchand and loses puck.
8:37 of 3rd period - Penalty to Derek Forbort is over, Derek Forbort is back on ice.
8:38 of 3rd period - Nick Foligno is hit by Marcus Johansson and loses puck.
8:50 of 3rd period - Wrist shot by Nick Foligno.
8:50 of 3rd period - Shot Blocked by Fredrik Olofsson.
8:59 of 3rd period - Snap shot by Nick Foligno.
8:59 of 3rd period - Shot Misses the Net.
9:01 of 3rd period - Snap shot by Derek Forbort.
9:01 of 3rd period - Stopped by Connor Ingram with a rebound.
9:03 of 3rd period - Backhand shot by John Carlson.
9:03 of 3rd period - Shot Blocked by Vladislav Gavrikov.
9:17 of 3rd period - Snap shot by Marcus Johansson.
9:17 of 3rd period - Shot Misses the Net.
9:19 of 3rd period - Slapshot by Fredrik Olofsson.
9:19 of 3rd period - Stopped by Jake Oettinger without a rebound.
9:20 of 3rd period - Nico Hischier wins face-off versus Casey Cizikas in Washington Capitals zone.
9:27 of 3rd period - Brett Murray is hit by Alex Ovechkin and loses puck.
10:42 of 3rd period - Icing by Thomas Harley.
10:43 of 3rd period - Mikael Backlund wins face-off versus Radek Faksa in Washington Capitals zone.
10:51 of 3rd period - Off-side.
10:52 of 3rd period - Sean Kuraly wins face-off versus Alex Ovechkin in neutral zone.
10:59 of 3rd period - Wrist shot by Luke Glendening.
10:59 of 3rd period - Stopped by Jake Oettinger with a rebound.
11:03 of 3rd period - Snap shot by Cody Glass.
11:03 of 3rd period - Deflect By Sean Kuraly.
11:03 of 3rd period - Shot Misses the Net.
11:03 of 3rd period - Puck is out of play.
11:04 of 3rd period - Jack McBain wins face-off versus Fabian Zetterlund in Washington Capitals zone.
11:05 of 3rd period - Backhand shot by Brandon Duhaime.
11:05 of 3rd period - Stopped by Jake Oettinger without a rebound.
11:06 of 3rd period - Nick Foligno wins face-off versus Jack McBain in Washington Capitals zone.
11:53 of 3rd period - Minor Penalty to Brandon Duhaime for Elbowing.
11:54 of 3rd period - Jordan Kyrou wins face-off versus Casey Cizikas in Philadelphia Flyers zone.
12:21 of 3rd period - Radek Faksa is hit by Nico Hischier and loses puck.
13:17 of 3rd period - Icing by Jason Robertson.
13:18 of 3rd period - Nico Hischier wins face-off versus Sean Kuraly in Washington Capitals zone.
13:18 of 3rd period - Nico Hischier is hit by Joshua Brown.
13:53 of 3rd period - Penalty to Brandon Duhaime is over, Brandon Duhaime is back on ice.
13:56 of 3rd period - Off-side.
13:57 of 3rd period - Nick Foligno wins face-off versus Jack McBain in neutral zone.
14:58 of 3rd period - Snap shot by Jeff Skinner.
14:58 of 3rd period - Shot Misses the Net.
15:00 of 3rd period - Wrist shot by Jeff Skinner.
15:00 of 3rd period - Deflect By Casey Cizikas.
15:00 of 3rd period - Shot Misses the Net.
15:00 of 3rd period - Puck is out of play.
15:01 of 3rd period - Sean Kuraly wins face-off versus Mikael Backlund in Washington Capitals zone.
15:04 of 3rd period - Slapshot by Cody Glass.
15:04 of 3rd period - Shot Misses the Net.
15:06 of 3rd period - Wrist shot by Cody Glass.
15:06 of 3rd period - Goal by Cody Glass - Philadelphia Flyers : 1 - Washington Capitals : 3.
15:07 of 3rd period - Nick Foligno wins face-off versus Sean Kuraly in neutral zone.
15:18 of 3rd period - Wrist shot by Fabian Zetterlund.
15:18 of 3rd period - Stopped by Connor Ingram with a rebound.
15:22 of 3rd period - Snap shot by Fabian Zetterlund.
15:22 of 3rd period - Shot Blocked by William Borgen.
15:24 of 3rd period - Slapshot by John Carlson.
15:24 of 3rd period - Deflect By Cody Glass.
15:24 of 3rd period - Stopped by Connor Ingram with a rebound.
15:45 of 3rd period - Wrist shot by Marcus Johansson.
15:45 of 3rd period - Stopped by Jake Oettinger with a rebound.
16:18 of 3rd period - Snap shot by Jordan Kyrou.
16:18 of 3rd period - Shot Misses the Net.
16:22 of 3rd period - Slapshot by Jordan Kyrou.
16:22 of 3rd period - Shot Misses the Net.
16:24 of 3rd period - Wrist shot by Fabian Zetterlund.
16:24 of 3rd period - Stopped by Connor Ingram with a rebound.
16:34 of 3rd period - Minor Penalty to Brett Murray for Delaying the game.
16:35 of 3rd period - Sean Kuraly wins face-off versus Jordan Kyrou in Philadelphia Flyers zone.
18:34 of 3rd period - Penalty to Brett Murray is over, Brett Murray is back on ice.
18:43 of 3rd period - Nick Foligno is hit by Radek Faksa.
19:39 of 3rd period - Jason Robertson is hit by Jeff Skinner and loses puck.
19:46 of 3rd period - Cody Glass is hit by Jason Robertson and loses puck.
Goals for this period are 1 for Philadelphia Flyers vs 1 for Washington Capitals.
Shots for this period are 10 for Philadelphia Flyers vs 13 for Washington Capitals.
Back to the Top